 Dungeon Crawl Stone Soup version 0.17.0-28-g6e173f8 (webtiles) character file.

662 homeworkjunkie the Covert (level 7, -1/35 HPs)
             Began as a Spriggan Assassin on Nov 30, 2015.
             Slain by an ice beast (14 damage)
             ... on level 5 of the Dungeon.
             The game lasted 00:08:19 (3697 turns).

homeworkjunkie the Covert (Spriggan Assassin)       Turns: 3697, Time: 00:08:20

Health: -1/35      AC:  6    Str:  7    XL:     7   Next: 30%
Magic:  8/8        EV: 20    Int: 13    God:
Gold:   143        SH:  0    Dex: 19    Spells: 0 memorised, 6 levels left

rFire  . . .     SeeInvis +     a - +0 dagger (flame)
rCold  . . .     Clarity  .     c - +1 robe
rNeg   . . .     SustAt   .     (shield restricted)
rPois  .         Gourm    .     (helmet restricted)
rElec  .         Spirit   .     d - +2 cloak
rCorr  .         Warding  .     (gloves unavailable)
rMut   .         Stasis   .     (boots unavailable)
MR     +....                    (no amulet)
Stlth  +++++.....               (no ring)
                                (no ring)

@: very quick, somewhat resistant to hostile enchantments, quite stealthy
A: unfitting armour, see invisible, herbivore 3, speed 3, slow metabolism 2
a: no special abilities


You were on level 5 of the Dungeon.
You were not hungry.

You visited 1 branch of the dungeon, and saw 5 of its levels.

You collected 143 gold pieces.

Inventory:

Hand Weapons
 a - a +0 dagger of flaming (weapon)
 b - a +0 blowgun
 p - a +2 dagger
 q - a +1 hunting sling
Missiles
 e - 36 poisoned needles
 f - 2 curare-tipped needles
Armour
 c - a +1 robe (worn)
 d - a +2 cloak (worn)
Scrolls
 j - a scroll of immolation
 m - a scroll of magic mapping
 o - 2 scrolls of teleportation
Potions
 h - a potion of might {unknown}
 i - a potion of cancellation {unknown}
 l - 2 potions of agility
 n - a potion of lignification {unknown}
Comestibles
 g - 2 bread rations


   Skills:
 * Level 2.4 Fighting
 * Level 3.6 Short Blades
 * Level 3.1(4.4) Slings
 * Level 4.0(4.3) Throwing
 * Level 4.4 Dodging
 * Level 9.1 Stealth


You had 6 spell levels left.
You didn't know any spells.

Dungeon Overview and Level Annotations

Branches:
Dungeon (5/15)
 Temple: D:4-7

Altars:


Innate Abilities, Weirdness & Mutations

You are tiny and cannot use many weapons and most armour.
You have supernaturally acute eyesight.
You are a herbivore.
You cover ground extremely quickly.
You need consume almost no food.


Message History

The ice beast is severely wounded.
The ice beast hits you but does no damage.
You hit the ice beast.
You melt the ice beast.
The ice beast is severely wounded.
The ice beast closely misses you.
You hit the ice beast but do no damage.
The ice beast is severely wounded.
The ice beast completely misses you.
You hit the ice beast but do no damage.
The ice beast is severely wounded.
You hit the ice beast but do no damage.
The ice beast is severely wounded.
The ice beast completely misses you.
You hit the ice beast but do no damage.
The ice beast is severely wounded.
The ice beast hits you but does no damage.
You barely miss the ice beast.
The ice beast is severely wounded.
The ice beast hits you. The ice beast freezes you!
You die...

...
........(.##
#..
#........(..#
..
#...........#
#...........#
#...........#
#...........#
#..........(#
#......Y....#
.......@###..!#
#######.# ####
#.# #.# #.# ###


You could see an ice beast.

Vanquished Creatures
  Sigmund (D:4)
  2 ogres (D:4)
  2 hounds (D:4)
  An iguana (D:5)
  Ijyb (D:2)
  3 orc wizards (D:4)
  Robin (D:4)
  3 adders
  10 orcs (D:4)
  2 ball pythons (D:4)
  3 bats
  23 goblins
  7 hobgoblins
  3 jackals (D:4)
  5 kobolds
  7 quokkas
  5 giant cockroaches
  3 giant newts
  A quokka skeleton (D:4)
  9 rats
92 creatures vanquished.

Notes
Turn   | Place    | Note
--------------------------------------------------------------
     0 | D:1      | homeworkjunkie the Spriggan Assassin began the quest for the Orb.
     0 | D:1      | Reached XP level 1. HP: 10/10 MP: 2/2
   102 | D:1      | Reached skill level 6 in Stealth
   173 | D:1      | Reached XP level 2. HP: 10/15 MP: 3/3
   715 | D:2      | Reached XP level 3. HP: 13/18 MP: 4/4
   833 | D:2      | Reached skill level 7 in Stealth
  1112 | D:2      | Noticed Ijyb
  1129 | D:2      | Killed Ijyb
  1129 | D:2      | Reached XP level 4. HP: 12/23 MP: 5/5
  1943 | D:4      | Noticed an ogre
  1959 | D:4      | Killed an ogre
  1959 | D:4      | Reached skill level 1 in Slings
  1959 | D:4      | Reached XP level 5. HP: 23/26 MP: 6/6
  2009 | D:4      | Reached skill level 8 in Stealth
  2244 | D:5      | Entered Level 5 of the Dungeon
  2280 | D:4      | Reached XP level 6. HP: 28/30 MP: 7/7
  2364 | D:4      | Noticed an ogre
  2420 | D:4      | Killed an ogre
  2806 | D:4      | Reached skill level 9 in Stealth
  2861 | D:4      | Noticed Robin
  2867 | D:4      | Killed Robin
  3101 | D:4      | Noticed Sigmund
  3146 | D:4      | Killed Sigmund
  3146 | D:4      | Reached XP level 7. HP: 19/35 MP: 8/8
  3632 | D:5      | Noticed an ice beast
  3697 | D:5      | Slain by an ice beast

Action                   |  1- 3 |  4- 6 |  7- 9 || total
-------------------------+-------+-------+-------++-------
Melee: Dagger            |    94 |    65 |    26 ||   185
 Fire: Blowgun           |    15 |    86 |       ||   101
       Hunting sling     |       |    56 |    11 ||    67
  Use: Scroll            |       |     9 |       ||     9
       Potion            |       |     2 |       ||     2
 Stab: Sleeping          |    14 |    18 |     1 ||    33
       Distracted        |       |     1 |       ||     1
  Eat: Fruit             |       |     2 |       ||     2
       Royal jelly       |       |     1 |       ||     1
